 Dungeon Crawl Stone Soup version 0.30.0-5-g1a98f26d00 (webtiles) character file.

Game seed: 6319277354420352636

41 Demosthentine the Ducker (level 3, 0/28 HPs)
             Began as a Demonspawn Gladiator on May 10, 2023.
             Succumbed to an adder's poison
             ... on level 2 of the Dungeon.
             The game lasted 00:01:01 (1011 turns).

Demosthentine the Ducker (Demonspawn Gladiator)     Turns: 1011, Time: 00:01:01

Health: 0/28       AC:  4    Str: 16    XL:     3   Next: 32%
Magic:  3/3        EV: 12    Int:  9    God:
Gold:   59         SH:  0    Dex: 14    Spells: 2/2 levels left

rFire   . . .        a - +0 trident
rCold   . . .        (no shield)
rNeg    . . .        b - +0 leather armour
rPois   .            c - +0 helmet
rElec   .            (no cloak)
rCorr   .            (no gloves)
SInv    .            (no boots)
Will    .....        (no amulet)
Stlth   +            (no ring)
HPRegen 0.24/turn    (no ring)
MPRegen 0.08/turn

%: no passive effects
@: lethally poisoned (0 -> -3), attractive
A: ignite blood 1, hooves 1, sturdy frame 1
a: no special abilities


You were on level 2 of the Dungeon.
You visited 1 branch of the dungeon, and saw 2 of its levels.

You collected 59 gold pieces.

Inventory:

Hand Weapons
 a - a +0 trident (weapon)
Missiles
 d - 3 throwing nets (quivered)
 e - a javelin
Armour
 b - a +0 leather armour (worn)
 c - a +0 helmet (worn)
Potions
 f - a potion of berserk rage


   Skills:
 + Level 2.5 Fighting
 + Level 3.0 Polearms
 - Level 1.7 Throwing
 + Level 1.2 Armour
 + Level 3.0 Dodging


You had 2 spell levels left.
You didn't know any spells.
Your spell library was empty.

Dungeon Overview and Level Annotations

Branches:
Dungeon (2/15)

Altars:


Innate Abilities, Weirdness & Mutations

Your demonic aura sometimes causes spilled blood to erupt in flames.
You have large cloven feet.
Your movements are slightly less encumbered by armour. (ER -2)


Message History

The adder is moderately wounded.
You feel sick. The adder bites you.
You are too injured to fight recklessly!
You are too injured to fight recklessly!
You feel sick. The adder bites you but does no damage.
The adder barely misses you.
You feel sick. The adder barely misses you.
You hit the adder.
The adder is heavily wounded.
You feel sick. The adder bites you.
* * * LOW HITPOINT WARNING * * *
The adder closely misses you.
You hit the adder.
The adder is severely wounded.
You feel sick. The adder barely misses you.
You hit the adder but do no damage.
The adder is severely wounded.
You feel sick.
You are no longer poisoned.
The adder barely misses you. The adder bites you but does no damage.
You miss the adder.
The adder is severely wounded.
The adder bites you.
* * * LOW HITPOINT WARNING * * *
You are lethally poisoned!
The adder poisons you!
It was a potion of attraction.
You feel attractive to monsters.
* * * LOW HITPOINT WARNING * * *
You feel sick. The adder barely misses you.
The adder bites you but does no damage.
It was a potion of mutation.
You feel extremely strange.
You feel less encumbered by your armour.
Your feet thicken and deform.
* * * LOW HITPOINT WARNING * * *
You feel sick. The adder closely misses you.
Unknown command.
You hit the adder.
You kill the adder!
You die...

### ... #.# ...#######..
#.# #.......... #.#
#.........# #+##.#
.#.........######.##.#
...............##.##.#
...............##.##.###
.!.............##.......
#.....@..)...........##
....#######...........#
.# ####........#
#######+## .......).#
.........# .........#
.........# .........#


There were no monsters in sight!

Vanquished Creatures
  An adder (D:2)
  2 dart slugs
  3 endoplasms
  4 giant cockroaches
  2 goblins (D:1)
  3 hobgoblins
  2 jackals (D:1)
  A quokka (D:2)
  3 ball pythons (D:1)
  2 bats (D:1)
  A frilled lizard (D:1)
  7 kobolds
  3 rats (D:1)
34 creatures vanquished.

Notes
Turn   | Place    | Note
-------+----------+-------------------------------------------
     0 | D:1      | Demosthentine the Demonspawn Gladiator began the quest for
                  | the Orb.
     0 | D:1      | Reached XP level 1. HP: 16/16 MP: 1/1
   168 | D:1      | Gained mutation: Your demonic aura sometimes causes spilled
                  | blood to erupt in flames. [demonic ancestry]
   168 | D:1      | Reached XP level 2. HP: 21/22 MP: 2/2
   367 | D:1      | Reached skill level 1 in Armour
   455 | D:1      | Reached XP level 3. HP: 26/28 MP: 3/3
  1010 | D:2      | Gained mutation: Your movements are slightly less
                  | encumbered by armour. (ER -2) [potion of mutation]
  1010 | D:2      | Gained mutation: You have large cloven feet. [potion of
                  | mutation]
  1011 | D:2      | Succumbed to an adder's poison

Illustrated notes

Levels and vault maps discovered:
D:1:      zelgadis_glass_arrival_small, layout_rooms
D:2:      layout_basic

Skill      XL: |  1  2 |
---------------+-------+-----
Armour         | 1 |  1.2
Dodging        | 3 |  3.0
Polearms       | 3 |  3.0
Fighting       | |  2.5
Throwing       | |  1.7

Action                     || total
---------------------------++-------
  Melee: Trident           ||   120
    Use: Scroll            ||     2
         Potion            ||     2
   Stab: Sleeping          ||     1
 Armour: Leather armour    ||    45
  Dodge: Dodged            ||    67
